 Dungeon Crawl Stone Soup version 0.22.0-38-g04b72b8 (webtiles) character file.

12904 Lew the Blocker (level 12, 0/96 HPs)
             Began as a Gnoll Fighter on Aug 28, 2018.
             Was an Initiate of Gozag.
             Slain by a komodo dragon (12 damage)
             ... on level 1 of the Lair of Beasts.
             The game lasted 00:28:35 (13744 turns).

Lew the Blocker (Gnoll Fighter)                    Turns: 13744, Time: 00:28:36

Health: 0/96       AC: 21    Str: 19    XL:     12   Next: 0%
Magic:  22/22      EV:  2    Int: 14    God:    Gozag
Gold:   2158       SH:  0    Dex: 17    Spells: 24/24 levels left

rFire    + . .     SeeInvis +   y - +3 broad axe
rCold    x . .     Gourm    .   c - +1 shield
rNeg     + + +     Faith    .   b - +0 scale mail
rPois    ∞         Spirit   .   v - +2 helmet {Int+3}
rElec    .         Reflect  .   B - +0 cloak
rCorr    .         Harm     .   q - +0 pair of gloves
MR       .....                  i - +2 pair of boots {run}
Stlth    ++........             (no amulet)
HPRegen  0.26/turn              m - ring "Ycoixt Imime" {rF+ rC- rN++ SInv}
MPRegen  0.18/turn              g - +3 ring of protection

@: petrified, gold aura, quick
A: distributed training, fangs 1, weak 1, wild magic 1, strong nose
a: Potion Petition, Call Merchant, Bribe Branch, Renounce Religion


You were on level 1 of the Lair of Beasts.
You worshipped Gozag.
Gozag was most pleased with you.
You were not hungry.

You visited 3 branches of the dungeon, and saw 12 of its levels.
You also visited: Labyrinth and Sewer.

You collected 2516 gold pieces.
You spent 320 gold pieces at shops.
You paid 38 gold pieces to Gozag.

Inventory:

Hand Weapons
 a - a +0 war axe
 d - a +1 longbow of velocity
 y - a +3 broad axe (weapon)
Armour
 b - a +0 scale mail (worn)
 c - a +1 shield (worn)
 i - a +2 pair of boots of running (worn)
 q - a +0 pair of gloves (worn)
 v - a +2 helmet of intelligence (worn)
 x - a +2 hat
 B - a +0 cloak (worn)
Jewellery
 g - a +3 ring of protection (right hand)
 m - the ring "Ycoixt Imime" (left hand) {rF+ rC- rN++ SInv}
   (You found it in a labyrinth)

   [ring of see invisible]

   It protects you from fire.
   It makes you vulnerable to cold.
   It greatly protects you from negative energy.
   It lets you see invisible.
 o - an uncursed ring of positive energy
 u - an uncursed ring of stealth
 z - an uncursed ring of protection from magic
Wands
 e - a wand of enslavement (3)
 l - a wand of digging (12)
 w - a wand of iceblast (18)
 A - a wand of paralysis (10)
 D - a wand of scattershot (7)
Scrolls
 h - 5 scrolls of remove curse
 p - 9 scrolls of teleportation
 r - 3 scrolls of amnesia
 s - 3 scrolls of magic mapping
Potions
 n - a potion of curing
Comestibles
 f - 2 rations


   Skills:
 + Level 9.4 Fighting
 + Level 6.7 Short Blades
 + Level 6.7 Long Blades
 + Level 8.2 Axes
 + Level 6.7 Maces & Flails
 + Level 6.7 Polearms
 + Level 6.7 Staves
 + Level 6.7 Slings
 + Level 6.7 Bows
 + Level 6.7 Crossbows
 + Level 6.7 Throwing
 + Level 9.4 Armour
 + Level 6.7 Dodging
 + Level 6.7 Stealth
 + Level 9.4 Shields
 + Level 6.7 Unarmed Combat
 + Level 6.7 Spellcasting
 + Level 5.5 Conjurations
 + Level 5.5 Hexes
 + Level 5.5 Charms
 + Level 5.5 Summonings
 + Level 5.5 Necromancy
 + Level 5.5 Translocations
 + Level 5.5 Transmutations
 + Level 5.5 Fire Magic
 + Level 5.5 Ice Magic
 + Level 5.5 Air Magic
 + Level 5.5 Earth Magic
 + Level 5.5 Poison Magic
 + Level 7.3 Invocations
 + Level 6.7 Evocations


You had 24 spell levels left.
You didn't know any spells.
Your spell library contained the following spells:

 Spells                   Type           Power        Failure   Level  Hunger
 Flame Tongue             Conj/Fire      ####.        12%         1    None
 Throw Flame              Conj/Fire      ####..       17%         2    #......
 Conjure Flame            Conj/Fire      ####....     30%         3    ##.....
 Inner Flame              Hex/Fire       ####....     30%         3    ##.....
 Sticky Flame             Conj/Fire      ####....     67%         4    ####...
 Bolt of Magma            Conj/Fire/Erth ####......   95%         5    ######.
 Fireball                 Conj/Fire      ####......   95%         5    ######.
 Iskenderun's Battlesphe  Conj/Chrm      ####....     95%         5    ######.
 Venom Bolt               Conj/Pois      ####......   95%         5    ######.
 Iron Shot                Conj/Erth      ####......   100%        6    #######
 Orb of Destruction       Conj           ####......   100%        7    #######
 Spellforged Servitor     Conj/Summ      ####......   100%        7    #######


Dungeon Overview and Level Annotations

Branches:
Dungeon (10/15)            Temple (1/1) D:4            Lair (1/6) D:10
    Orc: D:9-12

Altars:
Ashenzari
Cheibriados
Dithmenos
Elyvilon
Fedhas
Gozag
Hepliaklqana
Kikubaaqudgha
Makhleb
Nemelex Xobeh
Okawaru
Qazlal
Ru
Sif Muna
Trog
Uskayaw
Vehumet
Wu Jian
Xom
Yredelemnul
Zin
The Shining One

Shops:
D:4 }   D:5 [

Annotations:
D:8 exclusion: oklob plant
D:10 exclusion: oklob plant


Innate Abilities, Weirdness & Mutations

Your experience applies equally to all skills.
You have very sharp teeth.
Your uncanny sense of smell can sniff out nearby items.
You are weak. (Str -2)
Your spells are a little harder to cast, but a little more powerful.


Message History

The komodo dragon bites you! The basilisk gazes at you.
The komodo dragon bites you but does no damage.
The basilisk bites you.
The komodo dragon bites you but does no damage.
The basilisk bites you! The komodo dragon bites you! The basilisk gazes at you.
The komodo dragon bites you! The basilisk gazes at you.
You resist with some effort. The komodo dragon bites you!!
* * * LOW HITPOINT WARNING * * *
The basilisk gazes at you. The komodo dragon bites you!
* * * LOW HITPOINT WARNING * * *
The basilisk bites you but does no damage.
The komodo dragon bites you!!
You die...
Your body crumbles into a pile of gold.

**,,,**,,,,,,,,,,,,,,,,*,,,,,,##.
,,,,,**,,....,....#,,,,*,,,,,,#..
**,,,,,,,....,,..>#*,..#.........
**,,,,,,,.....,...#*..........#..
,,,,,,,,,.....,#..,..............
,,,,,,*,,......#..,..............
**,,,*,*,......#.###...#......P..
,,>,,,**,?.##..$..%..............
,,,,,,*,,......l@.$..............
,,,,,,,,,.......l....}...........
,,,,,,,,,.........?..............
,,,,,,,,,...#....................
,,,,,,**,.................#......
,,,,,,**,...#......P.....###.....
,,,,,,***...#......PP#..#####....
,,,,,,* *............P...........
,,,,,,***,,........#.............


You could see a komodo dragon and a basilisk.

Vanquished Creatures
  Erolcha (D:9)
  The ghost of Arum the Fighter, a journeyman FoFi of Gozag (D:10)
  2 two-headed ogres
  A wolf spider (shapeshifter) (D:8)
  A gargoyle (D:8)
  2 trolls
  Grinder (D:6)
  2 hippogriffs
  5 wraiths (D:10)
  A human (D:8)
  6 yaks (Lair:1)
  A hungry ghost (D:10)
  3 wargs (D:10)
  2 water moccasins
  Duvessa (D:7)
  2 sky beasts
  2 orc warriors
  3 ice beasts
  2 black bears
  3 phantoms
  An eye of draining (D:9)
  A necrophage (D:7)
  9 ogres
  2 centaurs
  3 crocodiles
  5 bullfrogs
  7 big kobolds
  2 scorpions
  A wyvern skeleton (D:7)
  Dowan (D:7)
  A water moccasin skeleton (D:8)
  10 killer bees (D:7)
  2 howler monkeys
  5 wights (D:6)
  2 centaur zombies
  A bullfrog zombie (D:10)
  10 crimson imps
  3 jellies
  2 quasits
  4 hounds
  A bullfrog skeleton (D:6)
  3 orc priests
  11 orc wizards
  6 worker ants
  Natasha (thrice) (D:2)
  2 iguanas
  2 hound skeletons
  A hound zombie (D:5)
  A worker ant zombie (D:9)
  A howler monkey zombie (D:9)
  7 gnolls
  12 adders
  3 river rats (Sewer)
  A shadow imp (D:5)
  6 oozes
  An adder zombie (D:5)
  2 adder skeletons
  7 worms
  6 dart slugs
  8 leopard geckos
  34 orcs
  2 ball pythons (D:5)
  7 giant cockroaches
  6 goblins
  4 hobgoblins
  12 jackals
  10 kobolds
  6 quokkas
  9 bats
  5 frilled lizards
  A quokka zombie (D:9)
  12 rats
306 creatures vanquished.

Vanquished Creatures (collateral kills)
  An orc warrior (D:8)
  An orc wizard (D:8)
  A hound skeleton (D:8)
3 creatures vanquished.

Grand Total: 309 creatures vanquished

Notes
Turn   | Place    | Note
-------+----------+-------------------------------------------
     0 | D:1      | Lew the Gnoll Fighter began the quest for the Orb.
     0 | D:1      | Reached XP level 1. HP: 23/23 MP: 1/1
    78 | D:1      | Reached XP level 2. HP: 24/29 MP: 2/2
   913 | D:2      | Reached XP level 3. HP: 34/35 MP: 3/3
   953 | D:2      | Found a shadowy altar of Dithmenos.
   958 | D:2      | Noticed Natasha
   968 | D:2      | Killed Natasha
   968 | D:2      | Reached skill level 1 in Invocations
   970 | D:2      | Reached skill level 1 in Short Blades
   970 | D:2      | Reached skill level 1 in Long Blades
   970 | D:2      | Reached skill level 1 in Maces & Flails
   970 | D:2      | Reached skill level 1 in Polearms
   970 | D:2      | Reached skill level 1 in Staves
   970 | D:2      | Reached skill level 1 in Slings
   970 | D:2      | Reached skill level 1 in Bows
   970 | D:2      | Reached skill level 1 in Crossbows
   970 | D:2      | Reached skill level 1 in Throwing
   970 | D:2      | Reached skill level 1 in Dodging
   970 | D:2      | Reached skill level 1 in Stealth
   970 | D:2      | Reached skill level 1 in Unarmed Combat
   970 | D:2      | Reached skill level 1 in Spellcasting
   970 | D:2      | Reached skill level 1 in Evocations
   970 | D:2      | Reached XP level 4. HP: 36/41 MP: 3/5
  1042 | D:2      | Noticed Natasha
  1051 | D:2      | Killed Natasha
  1051 | D:2      | Reached skill level 1 in Conjurations
  1051 | D:2      | Reached skill level 1 in Hexes
  1051 | D:2      | Reached skill level 1 in Charms
  1051 | D:2      | Reached skill level 1 in Summonings
  1051 | D:2      | Reached skill level 1 in Necromancy
  1051 | D:2      | Reached skill level 1 in Translocations
  1051 | D:2      | Reached skill level 1 in Transmutations
  1051 | D:2      | Reached skill level 1 in Fire Magic
  1051 | D:2      | Reached skill level 1 in Ice Magic
  1051 | D:2      | Reached skill level 1 in Air Magic
  1051 | D:2      | Reached skill level 1 in Earth Magic
  1051 | D:2      | Reached skill level 1 in Poison Magic
  1337 | D:2      | Noticed Natasha
  1340 | D:2      | Killed Natasha
  1340 | D:2      | Reached XP level 5. HP: 47/47 MP: 6/6
  1879 | D:2      | Found a sacrificial altar of Ru.
  2506 | D:3      | Found an opulent altar of Gozag.
  2507 | D:3      | Found a sparkling altar of Nemelex Xobeh.
  2945 | D:3      | Became a worshipper of Gozag Ym Sagoz the Greedy
  3042 | D:4      | Found a staircase to the Ecumenical Temple.
  3049 | D:4      | Noticed a phantom
  3060 | D:4      | Found Burauten's Gadget Boutique.
  3065 | D:4      | Killed a phantom
  3065 | D:4      | Reached XP level 6. HP: 52/53 MP: 8/8
  3129 | Temple   | Entered the Ecumenical Temple
  3513 | D:4      | Reached skill level 5 in Axes
  3518 | D:4      | Found a deep blue altar of Sif Muna.
  3924 | D:5      | Entered Level 5 of the Dungeon
  3939 | D:5      | Reached XP level 7. HP: 56/59 MP: 10/10
  4108 | D:5      | Reached XP level 8. HP: 44/67 MP: 12/12
  4277 | D:5      | Found a glowing drain.
  4305 | Sewer    | Entered a sewer
  5202 | D:5      | Found Zorefa's Antique Armour Emporium.
  5212 | D:5      | Gained mutation: You are weak. (Str -2) [potion of mutation]
  5212 | D:5      | Gained mutation: Your spells are a little harder to cast, but a little more powerful. [potion of mutation]
  5213 | D:5      | Bought a fine leather armour for 140 gold pieces
  5213 | D:5      | Bought a pair of gloves for 90 gold pieces
  5213 | D:5      | Bought a pair of boots for 90 gold pieces
  5233 | D:5      | Identified the cursed +0 leather armour "Niohe" {Int+3} (You bought it in a shop on level 5 of the Dungeon)
  5488 | D:6      | Noticed Grinder
  5493 | D:6      | Killed Grinder
  5499 | D:6      | Reached XP level 9. HP: 54/72 MP: 14/14
  5953 | D:6      | Found a glowing golden altar of the Shining One.
  6270 | D:7      | Noticed Duvessa
  6272 | D:7      | Noticed Dowan
  6281 | D:7      | Killed Dowan
  6287 | D:7      | Killed Duvessa
  6665 | D:7      | Reached skill level 5 in Invocations
  6883 | D:7      | Reached XP level 10. HP: 58/80 MP: 15/17
  7359 | D:8      | Found a shattered altar of Ashenzari.
  7359 | D:8      | Noticed a two-headed ogre
  7360 | D:8      | Found a hide-covered altar of Uskayaw.
  7360 | D:8      | Found an iron altar of Okawaru.
  7384 | D:8      | Killed a two-headed ogre
  7384 | D:8      | Reached skill level 5 in Short Blades
  7384 | D:8      | Reached skill level 5 in Long Blades
  7384 | D:8      | Reached skill level 5 in Maces & Flails
  7384 | D:8      | Reached skill level 5 in Polearms
  7384 | D:8      | Reached skill level 5 in Staves
  7384 | D:8      | Reached skill level 5 in Slings
  7384 | D:8      | Reached skill level 5 in Bows
  7384 | D:8      | Reached skill level 5 in Crossbows
  7384 | D:8      | Reached skill level 5 in Throwing
  7384 | D:8      | Reached skill level 5 in Dodging
  7384 | D:8      | Reached skill level 5 in Stealth
  7384 | D:8      | Reached skill level 5 in Unarmed Combat
  7384 | D:8      | Reached skill level 5 in Spellcasting
  7384 | D:8      | Reached skill level 5 in Evocations
  7786 | D:8      | Found a hazy altar of Hepliaklqana.
  7786 | D:8      | Found a basalt altar of Yredelemnul.
  7789 | D:8      | Found a sacrificial altar of Ru.
  7923 | D:8      | Found a transporter.
  7930 | D:8      | Found a transporter.
  7930 | D:8      | Noticed a gargoyle
  7972 | D:8      | Found a blossoming altar of Fedhas.
  8020 | D:8      | Found a bloodstained altar of Trog.
  8286 | D:8      | Found a snail-covered altar of Cheibriados.
  8287 | D:8      | Noticed an oklob plant
  9255 | D:8      | Noticed a spiny frog
  9265 | D:8      | a spiny frog changed into a rime drake
  9475 | D:8      | Noticed a moth of wrath
  9489 | D:8      | a moth of wrath changed into a merfolk
  9506 | D:8      | Noticed a wolf spider
  9506 | D:8      | a merfolk changed into a wolf spider
  9508 | D:8      | Killed a wolf spider
  9559 | D:8      | Killed a gargoyle
  9840 | D:9      | Noticed Erolcha
  9859 | D:9      | Killed Erolcha
  9968 | D:9      | Reached XP level 11. HP: 84/87 MP: 19/19
 10092 | D:9      | Noticed a two-headed ogre
 10102 | D:9      | Killed a two-headed ogre
 10671 | D:10     | Entered Level 10 of the Dungeon
 10677 | D:10     | Reached skill level 5 in Conjurations
 10677 | D:10     | Reached skill level 5 in Hexes
 10677 | D:10     | Reached skill level 5 in Charms
 10677 | D:10     | Reached skill level 5 in Summonings
 10677 | D:10     | Reached skill level 5 in Necromancy
 10677 | D:10     | Reached skill level 5 in Translocations
 10677 | D:10     | Reached skill level 5 in Transmutations
 10677 | D:10     | Reached skill level 5 in Fire Magic
 10677 | D:10     | Reached skill level 5 in Ice Magic
 10677 | D:10     | Reached skill level 5 in Air Magic
 10677 | D:10     | Reached skill level 5 in Earth Magic
 10677 | D:10     | Reached skill level 5 in Poison Magic
 11028 | D:10     | Found a staircase to the Lair.
 11921 | D:10     | Found a runed gate.
 11921 | D:10     | Found a runed gate.
 11923 | D:10     | Found a runed gate.
 12059 | D:10     | Noticed Arum's ghost (journeyman FoFi)
 12578 | D:10     | Killed Arum's ghost
 12795 | D:10     | Noticed an oklob plant
 12987 | Lair:1   | Entered Level 1 of the Lair of Beasts
 13013 | Lair:1   | Found a labyrinth entrance.
 13046 | Lab      | Entered a labyrinth
 13308 | Lab      | Noticed a minotaur
 13323 | Lab      | Got a glittering pewter ring
 13563 | Lair:1   | Identified the ring "Ycoixt Imime" {rF+ rC- rN++ SInv} (You found it in a labyrinth)
 13575 | Lair:1   | Identified a +2 pair of boots of running (You found it in a labyrinth)
 13720 | Lair:1   | Reached XP level 12. HP: 79/96 MP: 22/22
 13744 | Lair:1   | Slain by a komodo dragon

Skill      XL: |  1  2  3  4  5  6  7  8  9 10 11 |
---------------+----------------------------------+-----
Invocations    | 1 2 3 4 5 6 7 |  7.3
Short Blades   | 1 2 3 4 5 6 |  6.7
Long Blades    | 1 2 3 4 5 6 |  6.7
Maces & Flails | 1 2 3 4 5 6 |  6.7
Polearms       | 1 2 3 4 5 6 |  6.7
Staves         | 1 2 3 4 5 6 |  6.7
Slings         | 1 2 3 4 5 6 |  6.7
Bows           | 1 2 3 4 5 6 |  6.7
Crossbows      | 1 2 3 4 5 6 |  6.7
Throwing       | 1 2 3 4 5 6 |  6.7
Dodging        | 1 2 3 4 5 6 |  6.7
Stealth        | 1 2 3 4 5 6 |  6.7
Unarmed Combat | 1 2 3 4 5 6 |  6.7
Spellcasting   | 1 2 3 4 5 6 |  6.7
Evocations     | 1 2 3 4 5 6 |  6.7
Conjurations   | 1 2 3 4 5 |  5.5
Hexes          | 1 2 3 4 5 |  5.5
Charms         | 1 2 3 4 5 |  5.5
Summonings     | 1 2 3 4 5 |  5.5
Necromancy     | 1 2 3 4 5 |  5.5
Translocations | 1 2 3 4 5 |  5.5
Transmutations | 1 2 3 4 5 |  5.5
Fire Magic     | 1 2 3 4 5 |  5.5
Ice Magic      | 1 2 3 4 5 |  5.5
Air Magic      | 1 2 3 4 5 |  5.5
Earth Magic    | 1 2 3 4 5 |  5.5
Poison Magic   | 1 2 3 4 5 |  5.5
Axes           | 5 6 7 8 |  8.2
Fighting       | 7 8 9 |  9.4
Armour         | 7 8 9 |  9.4
Shields        | 7 8 9 |  9.4

Action                   |  1- 3 |  4- 6 |  7- 9 | 10-12 || total
-------------------------+-------+-------+-------+-------++-------
Melee: War axe           |    48 |   167 |   474 |   181 ||   870
       Bite              |     2 |    20 |    57 |    95 ||   174
       Broad axe         |       |       |       |   454 ||   454
Evoke: Wand              |       |       |       |     4 ||     4
  Use: Scroll            |       |    13 |     6 |    17 ||    36
       Potion            |       |     4 |     2 |    18 ||    24
 Stab: Distracted        |       |       |     1 |     2 ||     3
       Sleeping          |       |       |       |     8 ||     8
       Paralysed         |       |       |       |     2 ||     2
  Eat: Chunk             |       |     5 |       |       ||     5
       Ration            |       |     1 |     4 |     9 ||    14
Armor: Scale mail        |    15 |    59 |   190 |   289 ||   553
Dodge: Dodged            |    22 |    60 |   173 |   316 ||   571
Block: Shield            |    26 |    96 |   300 |   418 ||   840
